 Dungeon Crawl Stone Soup version 0.30-a0-335-ge5acde7520 (webtiles) character file.

Game seed: 10463845919405615999

13591 orus the Blocker (level 12, -2/62 HPs)
             Began as a Vine Stalker Fighter on Oct 30, 2022.
             Was a Priest of Qazlal.
             Slain by an unseen horror (5 damage)
             ... on level 11 of the Dungeon.
             The game lasted 00:22:47 (8942 turns).

orus the Blocker (Vine Stalker Fighter)             Turns: 8942, Time: 00:22:48

Health: -2/62      AC: 22    Str: 24    XL:     12   Next: 7%
Magic:  0/13       EV:  5    Int:  8    God:    Qazlal [***...]
Gold:   591        SH: 17    Dex: 20    Spells: 11/11 levels left

rFire   . . .      SeeInvis .    I - +4 dagger (vamp)
rCold   . . .      Faith    .    y - +0 kite shield
rNeg    + . .      Spirit   +    k - +0 crystal plate armour
rPois   .          Reflect  .    w - +0 helmet
rElec   .          Harm     .    t - scarf {+Inv}
rCorr   .          Rampage  .    (no gloves)
Will    +....                    i - +0 pair of boots
Stlth   ..........               (no amulet)
HPRegen 1.10/turn                q - +6 ring of strength
MPRegen 0.13/turn                s - ring of positive energy

@: no status effects
A: fangs 3, regeneration 1, magic shield, antimagic bite, no potion heal 2
a: Renounce Religion, Evoke Invisibility, Upheaval, Elemental Force


You were on level 11 of the Dungeon.
You worshipped Qazlal.
Qazlal was most pleased with you.
You visited 2 branches of the dungeon, and saw 12 of its levels.
You also visited: Bailey.

You collected 679 gold pieces.
You spent 88 gold pieces at shops.

Inventory:

Hand Weapons
 o - a +2 dagger of venom
 I - a +4 vampiric dagger (weapon)
Missiles
 D - a throwing net (quivered)
Armour
 i - a +0 pair of boots (worn)
 k - a +0 crystal plate armour (worn)
 t - a scarf of invisibility (worn)
 w - a +0 helmet (worn)
 y - a +0 kite shield (worn)
Jewellery
 p - a ring of positive energy
 q - a +6 ring of strength (left hand)
 s - a ring of positive energy (right hand)
 v - a ring of see invisible
 x - a ring of fire
Wands
 a - a wand of flame (13)
 r - a wand of mindburst (11)
Scrolls
 b - 3 scrolls of fear {unknown}
 c - 2 scrolls of torment {unknown}
 f - a scroll of immolation {unknown}
 h - 3 scrolls of poison
 l - 2 scrolls of teleportation {unknown}
 n - a scroll of silence {unknown}
 u - a scroll of brand weapon {unknown}
 A - a scroll of amnesia {unknown}
 B - a scroll of magic mapping {unknown}
 E - 4 scrolls of enchant weapon
 F - 2 scrolls of enchant armour {unknown}
 G - a scroll of vulnerability {unknown}
 H - a scroll of blinking {unknown}
Potions
 d - 2 potions of might
 e - 2 potions of flight
 g - 6 potions of mutation
 j - 2 potions of brilliance
 m - 3 potions of attraction
 z - 3 potions of cancellation
 C - 2 potions of curing


   Skills:
 + Level 6.4 Fighting
 + Level 8.1 Short Blades
 + Level 9.1 Armour
 + Level 2.9 Dodging
 + Level 2.4 Stealth
 + Level 10.5 Shields
 + Level 2.4 Evocations


You had 11 spell levels left.
You didn't know any spells.
Your spell library contained the following spells:

 Spells                   Type           Power      Damage    Failure   Level
 Apportation              Tloc           0%         N/A       100%        1
 Shock                    Conj/Air       0%         1d3       100%        1
 Slow                     Hex            0%         N/A       100%        1
 Confusing Touch          Hex            0%         N/A       100%        3
 Gell's Gravitas          Tloc           0%         N/A       100%        3
 Lesser Beckoning         Tloc           0%         N/A       100%        3
 Swiftness                Air            0%         N/A       100%        3
 Teleport Other           Tloc           0%         N/A       100%        3
 Vampiric Draining        Necr           0%         2d6       100%        3
 Airstrike                Air            0%         2d(0-16)  100%        4
 Summon Ice Beast         Ice/Summ       0%         N/A       100%        4
 Alistair's Intoxication  Tmut/Pois      0%         N/A       100%        5
 Summon Mana Viper        Hex/Summ       0%         N/A       100%        5
 Monstrous Menagerie      Summ           0%         N/A       100%        7


Dungeon Overview and Level Annotations

Branches:
Dungeon (11/15)            Temple (1/1) D:5             Orc (0/2) D:10
 Bailey (visited)
   Lair: D:8-11

Altars:
Ashenzari
Cheibriados
Dithmenos
Elyvilon
Gozag
Hepliaklqana
Kikubaaqudgha
Makhleb
Nemelex Xobeh
Okawaru
Qazlal
Ru
Sif Muna
Trog
Uskayaw
Vehumet
Wu Jian
Xom
Yredelemnul
Zin
The Shining One

Shops:
D:3 !!*(   D:9 *

Annotations:
D:8 1 runed translucent door, MTVSty1e's ghost, novice MiFi
Temple 2 transporters


Innate Abilities, Weirdness & Mutations

You have razor-sharp teeth.
Your natural rate of healing is unusually fast.
When hurt, damage is shared between your health and your magic reserves.
Your bite disrupts and absorbs the magic of your enemies.
Potions cannot restore your health.


Message History

The slime creature is heavily wounded.
You block something's attack. Something hits you but does no damage.
You block the slime creature's attack. Something hits you but does no damage.
You hit the slime creature.
You feel better.
The slime creature is heavily wounded.
Something hits you but does no damage. You block the slime creature's attack.
You hit the slime creature. You bite the slime creature! You drain its power.
The slime creature is severely wounded.
The slime creature changes into a spark wasp!
Something hits you but does no damage.
You hit the spark wasp.
You feel better.
The spark wasp is lightly wounded.
You hear a shout!
Something hits you but does no damage.
You closely miss the spark wasp.
The spark wasp is lightly wounded.
Something hits you. The spark wasp stings you!! The spark wasp shocks you!
Something hits you but does no damage. The spark wasp barely misses you.
You hit the spark wasp but do no damage.
Your bite misses the spark wasp.
The spark wasp is lightly wounded.
Something hits you but does no damage. You block the spark wasp's attack.
You closely miss the spark wasp. You bite the spark wasp!
The spark wasp's magic leaks into the air.
You drain its magic.
You feel invigorated.
The spark wasp is moderately wounded.
You carefully extract the barbed spikes from your body.
Something hits you but does no damage. The spark wasp stings you!
* * * LOW HITPOINT WARNING * * *
The spark wasp shocks you!
* * * LOW HITPOINT WARNING * * *
Unknown command.
Unknown command.
The air fills with toxic fumes!
As you read the scroll labelled GAPTAB OHASTRA, it crumbles to dust.
It was a scroll of poison.
You hear a howl!
The spark wasp barely misses you. Something hits you but does no damage.
Something hits you!
You die...

♣♣.♣
#♣.♣♣♣#
#.♣♣..#
#...♣.# §
#♣♣♣♣.#
§§ ♣.♣#
#g♣ ♣♣§#
♣cc♣♣♣§§#
#y@§♣♣#
#{♣♣♣ #§
#♣


You could see a spark wasp shaped shifter (magic disrupted), 2 centaur warriors
and a gnoll sergeant.

Vanquished Creatures
  A centaur warrior (D:11)
  2 two-headed ogres
  A skeletal warrior (D:11)
  Pikel (D:6)
  An orc knight (Bailey)
  A manticore (D:11)
  A gargoyle (D:10)
  2 kobold demonologists (D:9)
  Maggie (D:9)
  A komodo dragon (D:10)
  3 trolls
  A hornet (D:8)
  Prince Ribbit (D:7)
  2 vampires
  3 yaks (D:9)
  3 wyverns
  2 shadows
  A basilisk (D:11)
  4 steam dragons
  A vampire mosquito (D:11)
  An acid dragon (D:11)
  3 water moccasins
  15 orc warriors
  3 sky beasts
  5 ogres
  A centaur (D:10)
  A lemure (D:6)
  2 kobold brigands
  A phantom (D:4)
  A gnoll sergeant (D:6)
  A necrophage (D:3)
  A bullfrog (D:5)
  2 scorpions
  12 wights
  10 killer bees
  2 jellies
  4 hounds
  2 gnoll boudas
  8 orc priests
  6 iguanas
  14 orc wizards
  15 gnolls
  An adder (D:3)
  A shadow imp (D:5)
  A white imp (D:5)
  2 ufetubi
  A dart slug (D:1)
  53 orcs
  4 bats
  7 endoplasms
  3 giant cockroaches
  11 goblins
  5 hobgoblins
  14 kobolds
  2 quokkas
  7 ball pythons
  2 frilled lizards
  6 rats
263 creatures vanquished.

Vanquished Creatures (others)
  7 plants (D:11)
7 creatures vanquished.

Grand Total: 270 creatures vanquished

Notes
Turn   | Place    | Note
-------+----------+-------------------------------------------
     0 | D:1      | orus the Vine Stalker Fighter began the quest for the Orb.
     0 | D:1      | Reached XP level 1. HP: 11/11 MP: 2/2
   115 | D:1      | Reached XP level 2. HP: 16/16 MP: 3/3
   450 | D:1      | Reached XP level 3. HP: 20/20 MP: 4/4
  1301 | D:2      | Reached skill level 3 in Shields
  1558 | D:3      | Found Rarremut's Distillery.
  1566 | D:3      | Bought 2 potions of might for 88 gold pieces
  1584 | D:3      | Found Jidum's Distillery.
  1757 | D:3      | Found Jeecaomisk's Weapon Shop.
  1796 | D:3      | Gained mutation: Your natural rate of healing is unusually
                  | fast. [Vine Stalker growth]
  1796 | D:3      | Reached XP level 4. HP: 18/24 MP: 3/5
  1827 | D:3      | Noticed a scorpion
  1841 | D:3      | Killed a scorpion
  1842 | D:3      | Reached XP level 5. HP: 11/28 MP: 4/6
  2060 | D:3      | Found Narorph's Assorted Antiques.
  2172 | D:3      | Noticed an ogre
  2185 | D:3      | Killed an ogre
  2186 | D:3      | Reached skill level 1 in Stealth
  2186 | D:3      | Reached XP level 6. HP: 4/32 MP: 1/7
  2444 | D:4      | Reached skill level 1 in Dodging
  2848 | D:5      | Entered Level 5 of the Dungeon
  2889 | D:5      | Reached XP level 7. HP: 37/37 MP: 8/8
  3030 | D:5      | HP: 1/37 [ogre/+0 giant club (20)]
  3133 | D:5      | Found a staircase to the Ecumenical Temple.
  3160 | Temple   | Entered the Ecumenical Temple
  3160 | Temple   | Found a transporter.
  3160 | Temple   | Found a transporter.
  3162 | Temple   | Found a transporter.
  3162 | Temple   | Found a transporter.
  3176 | Temple   | Became a worshipper of Qazlal Stormbringer
  3225 | D:5      | Reached skill level 5 in Short Blades
  3225 | D:5      | Gained mutation: You have razor-sharp teeth. [Vine Stalker
                  | growth]
  3225 | D:5      | Reached XP level 8. HP: 14/42 MP: 9/9
  3230 | D:5      | HP: 2/42 [phantom (1)]
  3279 | D:4      | Reached skill level 4 in Shields
  3360 | D:5      | Found an ornate altar of the Wu Jian Council.
  3360 | D:5      | Found a basalt altar of Yredelemnul.
  3766 | D:6      | Reached skill level 5 in Armour
  3803 | D:6      | Noticed a shadow
  3818 | D:6      | Killed a shadow
  3819 | D:6      | Reached skill level 1 in Evocations
  4274 | D:6      | Reached XP level 9. HP: 29/46 MP: 5/10
  4337 | D:6      | Reached skill level 5 in Fighting
  4798 | D:6      | Reached skill level 5 in Shields
  4802 | D:6      | Reached * piety under Qazlal
  4966 | D:7      | Noticed Prince Ribbit
  4996 | D:7      | Killed Prince Ribbit
  5123 | D:7      | Found an ancient bone altar of Kikubaaqudgha.
  5123 | D:7      | Found a shadowy altar of Dithmenos.
  5424 | D:7      | Reached skill level 6 in Shields
  5518 | D:7      | Noticed Pikel
  5566 | D:6      | Killed Pikel
  5567 | D:6      | Reached XP level 10. HP: 48/51 MP: 11/11
  5982 | D:8      | Paralysed by a hornet for 2 turns
  6024 | D:8      | Found a flagged portal.
  6041 | Bailey   | Entered a bailey
  6176 | Bailey   | Reached skill level 7 in Shields
  6226 | Bailey   | Reached ** piety under Qazlal
  6376 | Bailey   | Noticed an orc knight
  6385 | Bailey   | Killed an orc knight
  6522 | D:8      | Reached skill level 8 in Shields
  6704 | D:8      | Found a runed translucent door.
  6705 | D:8      | Noticed MTVSty1e's ghost (novice MiFi)
  7122 | D:9      | Found Hem Cegu's General Store.
  7177 | D:9      | Reached XP level 11. HP: 56/56 MP: 12/12
  7230 | D:9      | Noticed Maggie
  7237 | D:9      | Killed Maggie
  7384 | D:9      | Found a glowing silver altar of Zin.
  7422 | D:9      | Reached skill level 9 in Shields
  7845 | D:10     | Entered Level 10 of the Dungeon
  8062 | D:10     | Reached *** piety under Qazlal
  8364 | D:10     | Noticed a two-headed ogre
  8373 | D:10     | Killed a two-headed ogre
  8715 | D:10     | Found a staircase to the Orcish Mines.
  8787 | D:11     | Noticed a centaur warrior
  8787 | D:11     | Noticed a two-headed ogre
  8803 | D:11     | Killed a centaur warrior
  8804 | D:11     | Reached skill level 10 in Shields
  8826 | D:11     | Killed a two-headed ogre
  8854 | D:11     | Noticed a skeletal warrior
  8854 | D:11     | Noticed a manticore
  8877 | D:11     | Killed a manticore
  8878 | D:11     | Reached XP level 12. HP: 49/62 MP: 13/13
  8891 | D:11     | Noticed an alligator
  8893 | D:11     | an alligator changed into a bunyip
  8893 | D:11     | Noticed a bunyip (glowing shapeshifter)
  8895 | D:11     | Noticed a centaur warrior
  8895 | D:11     | Noticed a centaur warrior
  8896 | D:11     | a bunyip changed into a wolf spider
  8920 | D:11     | Paralysed by a floating eye for 3 turns
  8936 | D:11     | a slime creature changed into a spark wasp
  8936 | D:11     | Noticed a spark wasp (glowing shapeshifter)
  8940 | D:11     | HP: 2/62 [spark wasp (glowing shapeshifter) (11)]
  8942 | D:11     | Slain by an unseen horror

Illustrated notes

Levels and vault maps discovered:
D:1:      lightli_molten_gateway, layout_loops_ring, minmay_tiny_reverse_x
D:2:      layout_loops_corners
D:3:      layout_basic, serial_rivers, chequers_serial_rivers_small_b,
          chequers_serial_rivers_marsh, chequers_serial_rivers_micro_e,
          chequers_serial_rivers_micro_c, chequers_serial_rivers_micro_c,
          serial_shops, shop, nicolae_lakefront_shop, shop,
          nicolae_shop_bloodbath_and_beyond, kennysheep_generic_room_7
D:4:      layout_rooms
D:5:      layout_basic, gammafunk_temple_overflow_elements,
          minmay_temple_entry_stoned_glass, grunt_ministairs_8
D:6:      layout_basic, dreamdust_gnoll_farm
D:7:      layout_gridville, mainiacjoe_overflow_divided_tiny,
          minmay_stone_trees_small, solitary_fountain, minmay_misc_feat_encased,
          uniq_pikel, uniq_prince_ribbit1
D:8:      layout_cave_pools, hellmonk_ghost_happy_afterlife, enter_bailey_2
D:9:      layout_small_grid, mainiacjoe_overflow_chevrons, serial_shops,
          nicolae_shop_behind_doors, uniq_maggie
D:10:     layout_rooms, david_orc_4
D:11:     nzn_winding_woodlands_stair_trap [nzn_winding_woodlands_5x15_crooked,
          nzn_winding_woodlands_5x15_concentric,
          nzn_winding_woodlands_5x15_jagged,
          nzn_winding_woodlands_15x15_five_gardens,
          nzn_winding_woodlands_5x15_split_checker,
          nzn_winding_woodlands_5x15_river_crossing,
          nzn_winding_woodlands_5x15_sidewinder], layout_irregular_city,
          lair_entry_dummy
Temple:   hellmonk_temple_divided_pantheon

Skill      XL: |  1  2  3  4  5  6  7  8  9 10 11 |
---------------+----------------------------------+-----
Short Blades   | 2 3 4 5 6 7 8 |  8.1
Fighting       | 3 4 5 6 |  6.4
Shields        | 3 4 6 8 10 | 10.5
Armour         | 3 4 5 7 9 |  9.1
Stealth        | 1 2 |  2.4
Dodging        | 1 2 |  2.9
Evocations     | 1 2 |  2.4

Action                   |  1- 3 |  4- 6 |  7- 9 | 10-12 || total
-------------------------+-------+-------+-------+-------++-------
Melee: Rapier            |   108 |    18 |       |       ||   126
       Bite              |    22 |    31 |   133 |   304 ||   490
       Dagger            |       |    70 |   360 |   735 ||  1165
Evoke: Wand              |       |     1 |     8 |    11 ||    20
  Use: Potion            |       |       |     1 |     2 ||     3
       Scroll            |       |       |       |     9 ||     9
Armor: Scale mail        |    50 |    12 |       |       ||    62
       Chain mail        |       |    13 |   130 |    37 ||   180
       Crystal plate arm |       |       |       |   209 ||   209
       Plate armour      |       |       |       |     4 ||     4
Dodge: Dodged            |    45 |    17 |    93 |    72 ||   227
Block: Buckler           |    24 |    16 |    34 |       ||    74
       Kite shield       |       |       |    98 |   444 ||   542

Table legend: (Time is in decaauts)
 A = Elapsed time spent in this place.
 B = Non-inter-level travel time spent in this place.
 C = Inter-level travel time spent in this place.
 D = Time resting spent in this place.
 E = Time spent auto-exploring this place.
 F = Levels seen in this place.
 G = Mean time per level.
                   A        B        C        D        E       F      G
               +--------+--------+--------+--------+--------+-----+--------+
         Total |   8760 |   8435 |    325 |    507 |   5690 |  13 |  673.8 |
       Dungeon |   8341 |   8024 |    317 |    481 |   5555 |  11 |  758.3 |
        Temple |     28 |     20 |      8 |      0 |      2 |   1 |   28.0 |
        Bailey |    390 |    390 |      0 |     26 |    133 |   1 |  390.0 |
               +--------+--------+--------+--------+--------+-----+--------+

Top non-repeatable levels by time:
     D:6: 1216 daAuts
     D:7: 991 daAuts
     D:3: 888 daAuts
     D:9: 838 daAuts
    D:10: 829 daAuts
     D:1: 820 daAuts
     D:5: 737 daAuts
     D:2: 719 daAuts
     D:8: 671 daAuts
     D:4: 504 daAuts
  Bailey: 390 daAuts
    D:11: 124 daAuts
  Temple: 28 daAuts
